 Dungeon Crawl Stone Soup version 0.17-a0-2158-g6d76252 (webtiles) character file.

453 Morbidden the Grappler (level 6, -4/51 HPs)
             Began as a Draconian Monk on Oct 25, 2015.
             Was a Believer of Qazlal.
             Slain by Menkaure (22 damage)
             ... on level 4 of the Dungeon.
             The game lasted 00:07:32 (2033 turns).

Morbidden the Grappler (Draconian Monk)             Turns: 2033, Time: 00:07:32

Health: -4/51      AC:  6    Str: 14      XL:     6   Next: 75%
Magic:  6/6        EV: 12    Int: 12      God:    Qazlal [**....]
Gold:   189        SH:  2    Dex: 12 (13) Spells: 0 memorised, 5 levels left

rFire  . . .     SeeInvis .       - Unarmed
rCold  . . .     Clarity  .     (armour unavailable)
rNeg   . . .     SustAt   .     (no shield)
rPois  .         Gourm    .     (helmet restricted)
rElec  .         Spirit   .     (no cloak)
rCorr  .         Warding  .     (no gloves)
rMut   .         Stasis   .     (no boots)
MR     .....                    i - amulet of regeneration
Stlth  +.........               (no ring)
                                (no ring)

@: not resistant to hostile enchantments, very unstealthy
A: unfitting armour, cold-blooded, AC +6
a: Upheaval, Renounce Religion


You were on level 4 of the Dungeon.
You worshipped Qazlal.
Qazlal was pleased with you.
You were not hungry.

You visited 1 branch of the dungeon, and saw 4 of its levels.

You collected 189 gold pieces.

Inventory:

Jewellery
 i - an amulet of regeneration (around neck)
Scrolls
 b - 2 scrolls of enchant weapon {unknown}
 c - a scroll of amnesia {unknown}
 e - a scroll of identify
 f - 2 scrolls of remove curse
 g - a scroll of fear {unknown}
 j - a scroll of enchant armour {unknown}
 k - a scroll of magic mapping {unknown}
Potions
 h - 2 potions of heal wounds
 l - a potion of flight
 m - 2 potions of might
 n - 2 potions of brilliance {unknown}
 o - a potion of resistance {unknown}
 r - a potion of agility {unknown}
 s - a potion of poison {unknown}
Comestibles
 a - 2 bread rations
 d - a slice of pizza
 p - a meat ration
 q - a chunk of flesh


   Skills:
 - Level 3.2 Fighting
 - Level 2.6 Dodging
 - Level 1.7 Stealth
 + Level 8.2 Unarmed Combat


You had 5 spell levels left.
You didn't know any spells.

Dungeon Overview and Level Annotations

Branches:
Dungeon (4/15)
 Temple: D:4-7

Altars:
Dithmenos
Nemelex Xobeh
Qazlal
Ru
Xom

Annotations:
D:4 Menkaure


Innate Abilities, Weirdness & Mutations

Your plain brown scales are hard (AC +6).
Your body does not fit into most forms of armour.
You are cold-blooded and may be slowed by cold attacks.


Message History

r - Retreat! s - Stop attacking. w - Wait here. f - Follow me.
Anything else - Stay silent.
You shout for attention!
Menkaure barely misses you.
You hit Menkaure.
You tail-slap Menkaure, but do no damage.
Menkaure is lightly damaged.
You hit Menkaure.
Menkaure is moderately damaged.
Menkaure hits you!
You hit Menkaure.
Menkaure is moderately damaged.
Menkaure hits you!!
You punch Menkaure!
Menkaure is severely damaged.
You hit Menkaure but do no damage.
Menkaure is severely damaged.
Menkaure hits you!!
You die...

.#.#..###.##......... #.
#.##.##.##... .. #.......#
.. #.......# .. #.##.#.##
. #.#..#.## #### #.#.##..#
.>.# ####M## ##.# #####
##.# #..@.####..###..)##
.#..
.......ยง####....##.....##
..... ...........
##....#......(# .#...
.........#.#.....#.......#
.#. #
#...###.####....##.......#
..># #...# #.
#....###.....## #### #...#
## #..### ##...##
########...#
#.########'####
#....[.....#
#.............#


You could see Menkaure.

Vanquished Creatures
  A deep elf mage (D:4)
  An ogre (D:4)
  A quasit (D:4)
  A giant frog skeleton (D:4)
  A hound (D:4)
  5 adders
  2 worms (D:2)
  10 orcs
  A ball python (D:2)
  4 giant cockroaches
  7 goblins
  6 hobgoblins
  A quokka (D:2)
  5 bats
  4 giant geckos
  A giant gecko skeleton (D:4)
  A giant gecko zombie (D:4)
  A giant newt (D:2)
  9 kobolds
  13 rats
75 creatures vanquished.

Notes
Turn   | Place    | Note
--------------------------------------------------------------
     0 | D:1      | Morbidden the Draconian Monk began the quest for the Orb.
     0 | D:1      | Reached XP level 1. HP: 19/19 MP: 1/1
   138 | D:1      | Reached XP level 2. HP: 24/26 MP: 2/2
   657 | D:2      | Reached skill level 5 in Unarmed Combat
   657 | D:2      | Reached XP level 3. HP: 29/31 MP: 3/3
  1033 | D:2      | Found a sacrificial altar of Ru.
  1069 | D:3      | Reached XP level 4. HP: 38/38 MP: 4/4
  1203 | D:3      | Reached skill level 6 in Unarmed Combat
  1473 | D:3      | Found a sparkling altar of Nemelex Xobeh.
  1474 | D:3      | Found a stormy altar of Qazlal.
  1475 | D:3      | Found a shadowy altar of Dithmenos.
  1486 | D:3      | Became a worshipper of Qazlal Stormbringer
  1486 | D:3      | Reached * piety under Qazlal
  1486 | D:3      | Reached ** piety under Qazlal
  1729 | D:4      | Reached XP level 5. HP: 43/45 MP: 5/5
  1753 | D:4      | Noticed a deep elf mage
  1763 | D:4      | Killed a deep elf mage
  1763 | D:4      | Reached skill level 7 in Unarmed Combat
  1763 | D:4      | Reached XP level 6. HP: 37/51 MP: 6/6
  1824 | D:4      | Noticed an ogre
  1949 | D:4      | Killed an ogre
  1949 | D:4      | Reached skill level 8 in Unarmed Combat
  1994 | D:4      | Found a shimmering altar of Xom.
  1997 | D:4      | Found a shimmering altar of Xom.
  2004 | D:4      | Noticed Menkaure
  2033 | D:4      | Slain by Menkaure

Vault maps used:
D:1:      minmay_arrival_split_and_join
D:2:      lemuel_doored_altar
D:3:      minitemple, first_bread
D:4:      minmay_opposing_rooms, kennysheep_mini_moat, cheibriados_altar_1,
          xom_redecorated, uniq_menkaure, uniq_natasha

Action                   |  1- 3 |  4- 6 || total
-------------------------+-------+-------++-------
Melee: Unarmed           |   114 |   153 ||   267
  Use: Scroll            |       |     5 ||     5
       Potion            |       |     1 ||     1
 Stab: Sleeping          |     5 |     2 ||     7
  Eat: Chunk             |     1 |     4 ||     5
